 Dungeon Crawl Stone Soup version 0.01-2087-gb5e28fc70b (webtiles) character file.

Game seed: 2175177804648455003, levelgen mode: deterministic

3392 funkygono the Cruncher (level 10, -6/73 HPs) Formicid Priest. Began on May 31, 2020. Was a Priest of Okawaru. Killed by divine providence ... invoked by an orc priest (17 damage) ... on level 5 of the Dungeon. The game lasted 00:19:54 (3643 turns).

funkygono the Cruncher (Formicid Priest)            Turns: 3643, Time: 00:19:55

Health: -6/73      AC: 21    Str: 25    XL:     10 ^: 2913
Magic:  12/14      EV: 12    Int: 10    God:    Okawaru [***... (99)]
Gold:   177        SH:  9    Dex:  8    Spells: 5/9 levels left

rFire    . . .     Vision   +   q - +6 morningstar "Lunoj" {venom, *Drain +Rage rN+ MR+}
rCold    . . .     Gourm    .   v - +5 nunchaku (protect)
rNeg     + . .     Faith    .   a - +0 plate armour
rPois    .         Spirit   .   (helmet unavailable)
rElec    .         Reflect  .   m - +0 cloak
rCorr    .         Harm     .   c - +1 pair of gloves {Str+3}
MR       ++...                  (no boots)
Stlth    ..........             (no amulet)
HPRegen  0.34/turn              (no ring)
MPRegen  0.24/turn              (no ring)

@: heroism, marked
A: permanent stasis, dig shafts and tunnels, four strong arms, antennae 3, weak
1
a: Dig, Shaft Self, Heroism, Renounce Religion


You were on level 5 of the Dungeon.
You worshipped Okawaru.
Okawaru was most pleased with you.
You were not hungry.

You visited 2 branches of the dungeon, and saw 6 of its levels.
You also visited: Temple.

You collected 177 gold pieces.

Inventory:

Weapons
 d - a +0 short sword
 q - the +6 morningstar "Lunoj" (weapon) {venom, *Drain +Rage rN+ MR+}
   (Okawaru gifted it to you on level 3 of the Dungeon)

   It poisons the flesh of those it strikes.
   It protects you from negative energy.
   It affects your resistance to hostile enchantments.
   It lets you go berserk.
   It causes draining when unequipped.
   Shields
 r - a +1 heater shield
 v - a +5 nunchaku of protection (weapon)
Armour
 a - a +0 plate armour (worn)
 c - a +1 pair of gloves of strength (worn)
 l - a +0 chain mail
 m - a +0 cloak (worn)
 p - the +2 cloak of the Thief {+Fog Slay-2 +Vis Stlth+}
   (You found it on level 4 of the Dungeon)

   It affects your accuracy and damage with ranged weapons and melee attacks
   (-2).
   It improves your vision.
   It makes you more stealthy.
 t - +0 steam dragon scales
Wands
 f - a wand of acid
 s - a wand of random effects
 u - a wand of flame (21)
Scrolls
 e - a scroll of magic mapping
 j - 4 scrolls of fog
 k - 3 scrolls of fear
 n - 5 scrolls of amnesia
Potions
 g - 3 potions of brilliance
 h - a potion of mutation
 o - a potion of ambrosia
Comestibles
 b - 7 rations
 w - 3 chunks of flesh


   Skills:
 + Level 4.8(9.8) Fighting
 + Level 1.6(6.6) Short Blades
 + Level 4.5(12.4) Whips & Flails
 + Level 9.2(14.7) Maces & Staves
 + Level 5.2(10.2) Armour
 + Level 2.9(7.9) Dodging
 + Level 4.0(9.0) Stealth
 + Level 3.0(8.0) Shields
 - Level 3.0(8.0) Unarmed Combat
 + Level 6.0 Invocations
 + Level 0.4 Evocations


You had 5 spell levels left.
You knew the following spells:

 Your Spells              Type           Power        Failure   Level  Hunger
a - Flame Tongue          Fire           0 (40)       78%         1    ##.....
b - Mephitic Cloud        Pois/Air       0 (100)      98%         3    ####...

Your spell library contained the following spells:

 Spells                   Type           Power        Failure   Level  Hunger
 Beastly Appendage        Tmut           0 (50)       78%         1    ##.....
 Magic Candle             Hex/Fire       0 (90)       78%         1    ##.....
 Call Imp                 Summ           0 (100)      89%         2    ###....
 Ensorcelled Hibernation  Hex/Ice        0 (50)       89%         2    ###....
 Slow                     Hex            0 (100)      89%         2    ###....
 Sticks to Snakes         Tmut           0 (100)      89%         2    ###....
 Blinding Spray           Hex/Pois       0 (50)       98%         3    ####...
 Confuse                  Hex            0 (100)      98%         3    ####...
 Conjure Flame            Fire           0 (100)      98%         3    ####...
 Snakes to Sticks         Hex/Tmut       0 (100)      98%         3    ####...
 Spider Form              Tmut/Pois      0 (200)      98%         3    ####...
 Tukima's Dance           Hex            0 (100)      98%         3    ####...
 Fulminant Prism          Hex            0 (200)      100%        4    #####..
 Ice Form                 Ice/Tmut       0 (100)      100%        4    #####..
 Blade Hands              Tmut           0 (200)      100%        5    ######.
 Blink                    Tloc           Unusable     N/A         2    N/A

Dungeon Overview and Level Annotations

Branches:
Dungeon (5/8)              Temple (1/1) D:4
   Lair: D:5

Altars:
Ashenzari
Cheibriados
Dithmenos
Elyvilon
Fedhas
Gozag
Hepliaklqana
Makhleb
Okawaru
Qazlal
Ru
Sif Muna
Trog
Uskayaw
Wu Jian
Xom
Yredelemnul
Zin
The Shining One

Shops:
D:4 *


Innate Abilities, Weirdness & Mutations

You cannot be hasted, slowed, berserked, paralysed or teleported.
You can dig through walls and to a lower floor.
Your four strong arms can wield two-handed weapons with a shield.
You have a pair of large antennae on your head. (+Vis)
You are weak. (Str -2)


Message History

The orc priest mumbles some strange prayers to Beogh against you.
Beogh smites you!
* * * LOW HITPOINT WARNING * * *
The orc priest calls down the wrath of Beogh upon you.
You resist with almost no effort.
Evoke which item? (* to show all) (? for menu, Esc to quit)
Aiming: Flame Wand
Press: ? - help, Shift-Dir - straight line, f - orc priest
Aim: an orc priest, wearing a -2 leather armour (healthy (14/14))
The puff of flame misses the orc priest.
The puff of flame misses the kobold.
The puff of flame hits the sky beast (1).
The sky beast is lightly wounded. (26/27) HP The sky beast is engulfed in a cloud of scalding steam.
The orc priest hits you but does no damage.
You feel more confident with your borrowed prowess.
The sky beast is engulfed in a cloud of scalding steam.
The orc priest invokes the aid of Beogh against you.
Beogh smites you!
You die...

#.# #.# #.# . #.#
.# #.# .# #.# .#
#.# .# ### {#@#
.#######.#####{#o#
..........{{{{{KK#
..........{{{{ocY#
....§.....{{aOoha#
...÷.....K{.ZKooZ#
.<...##+####Z###.#
....{# .. #.#
..o{.# #.#


You could see a sky beast (invisible), a big kobold, an ogre, a centaur, a
howler monkey, a worker ant, 2 orc priests, 2 orc wizards, an orc, 2 kobolds, 2
hound skeletons and a howler monkey skeleton.

Vanquished Creatures
  Joseph (D:4)
  Maggie (D:4)
  A wraith (D:5)
  3 wargs (D:5)
  2 phantoms (D:3)
  2 ice beasts (D:4)
  2 ogres
  2 bullfrogs
  2 centaurs (D:4)
  17 wights (D:4)
  A crimson imp (D:3)
  7 hounds
  2 iguanas (D:4)
  2 orc wizards (D:3)
  3 worker ants
  A bullfrog zombie (D:4)
  2 bullfrog skeletons
  11 adders
  6 worms
  2 worker ant zombies
  2 hound skeletons (D:3)
  4 dart slugs
  8 leopard geckos
  5 orcs
  An adder skeleton (D:3)
  An adder zombie (D:4)
  13 bats
  5 giant cockroaches
  11 goblins
  6 hobgoblins
  6 jackals
  11 kobolds
  4 quokkas
  11 frilled lizards
  A quokka skeleton (D:3)
  11 rats
  2 butterflies (D:4)
  A plant (D:3)
173 creatures vanquished.

Vanquished Creatures (others)
  A ball python (D:4)
1 creature vanquished.

Grand Total: 174 creatures vanquished

Notes
Turn   | Place    | Note
-------+----------+-------------------------------------------
     0 | Start Te | funkygono the Formicid Priest began the quest for the Orb.
     0 | Start Te | Reached XP level 1. HP: 13/13 MP: 3/3
     0 | Start Te | Found a sparkling altar of Nemelex Xobeh.
     1 | Start Te | Found a basalt altar of Yredelemnul.
     1 | Start Te | Found a white marble altar of Elyvilon.
     2 | Start Te | Found an iron altar of Okawaru.
     3 | Start Te | Found a glowing silver altar of Zin.
     3 | Start Te | Found a blossoming altar of Fedhas.
     4 | Start Te | Found a stormy altar of Qazlal.
     5 | Start Te | Found a glowing golden altar of the Shining One.
     5 | Start Te | Found an opulent altar of Gozag.
     6 | Start Te | Found a sacrificial altar of Ru.
     7 | Start Te | Found a faded altar of an unknown god.
     7 | Start Te | Found a hazy altar of Hepliaklqana.
    34 | Start Te | Became a worshipper of Warmaster Okawaru
    34 | Start Te | Received a gift from Okawaru
    34 | Start Te | Reached * piety under Okawaru
    34 | Start Te | Reached ** piety under Okawaru
   107 | D:1      | Reached XP level 2. HP: 19/19 MP: 5/5
   265 | D:1      | Reached XP level 3. HP: 9/24 MP: 6/6
   480 | D:1      | Reached skill level 1 in Short Blades
   884 | D:1      | Reached XP level 4. HP: 31/31 MP: 7/7
  1060 | D:2      | Reached skill level 1 in Maces & Staves
  1155 | D:2      | Reached XP level 5. HP: 36/36 MP: 5/8
  1203 | D:2      | Reached skill level 1 in Fighting
  1433 | D:2      | Reached skill level 2 in Maces & Staves
  1433 | D:2      | Reached skill level 1 in Armour
  1433 | D:2      | Reached skill level 5 in Invocations
  1682 | D:3      | Noticed a phantom
  1695 | D:3      | Reached XP level 6. HP: 42/43 MP: 6/9
  1702 | D:3      | Killed a phantom
  1702 | D:3      | Reached skill level 3 in Maces & Staves
  1728 | D:3      | Reached XP level 7. HP: 48/48 MP: 11/11
  1763 | D:3      | Reached skill level 4 in Maces & Staves
  1933 | D:3      | Identified the +6 morningstar "Lunoj" {venom, *Drain +Rage
                  | rN+ MR+} (Okawaru gifted it to you on level 3 of the
                  | Dungeon)
  1933 | D:3      | Received a gift from Okawaru
  2041 | D:3      | Reached skill level 5 in Maces & Staves
  2072 | D:3      | Found a glowing silver altar of Zin.
  2072 | D:3      | Found a basalt altar of Yredelemnul.
  2072 | D:3      | Found a shadowy altar of Dithmenos.
  2459 | D:4      | Reached XP level 8. HP: 49/56 MP: 9/12
  2478 | D:4      | Found the +2 cloak of the Thief {+Fog Slay-2 +Vis Stlth+}
  2544 | D:4      | Noticed Maggie
  2566 | D:4      | Gained mutation: You are weak. (Str -2) [Maggie]
  2569 | D:4      | Killed Maggie
  2569 | D:4      | Reached skill level 6 in Maces & Staves
  2569 | D:4      | Reached skill level 1 in Shields
  2689 | D:4      | Reached *** piety under Okawaru
  2783 | D:4      | Reached skill level 7 in Maces & Staves
  2783 | D:4      | Reached XP level 9. HP: 64/64 MP: 13/13
  2804 | D:4      | Found a staircase to the Ecumenical Temple.
  2816 | Temple   | Entered the Ecumenical Temple
  2961 | D:4      | Learned a level 1 spell: Flame Tongue
  2965 | D:4      | Learned a level 3 spell: Mephitic Cloud
  2968 | D:4      | Found Xahe's General Store.
  3028 | D:4      | Received a gift from Okawaru
  3050 | D:4      | your +5 nunchaku of protection protects you from harm!
  3082 | D:4      | Reached skill level 8 in Maces & Staves
  3237 | D:4      | Reached skill level 1 in Whips & Flails
  3363 | D:4      | Noticed Joseph
  3368 | D:4      | Killed Joseph
  3577 | D:5      | Entered Level 5 of the Dungeon
  3620 | D:5      | Reached skill level 9 in Maces & Staves
  3620 | D:5      | Reached skill level 5 in Armour
  3620 | D:5      | Reached XP level 10. HP: 65/73 MP: 14/14
  3625 | D:5      | Received a gift from Okawaru
  3626 | D:5      | Found the +15 Maxwell's patent armour {-Cast -Tele rElec
                  | MR+ rCorr}
  3630 | D:5      | Reached **** piety under Okawaru
  3636 | D:5      | HP: 1/73 [orc priest/divine providence (12)]
  3643 | D:5      | Killed from afar by an orc priest

Levels and vault maps discovered:
D:1:      saegor_arrival_simple_e, layout_loops_ring
D:2:      layout_cave_pools
D:3:      layout_cave_pools, gammafunk_temple_overflow_forgotten, first_ration
D:4:      minmay_general_purpose_star, layout_stronghold,
          minmay_temple_entry_offerings, serial_shops, shop, uniq_maggie,
          uniq_joseph
D:5:      ossuary_due_mausoleum, layout_irregular_city,
          erik_lair_orcish_takeover
Temple:   regret_index_temple_sphere_string

Skill      XL: |  1  2  3  4  5  6  7  8  9 10 |
---------------+-------------------------------+-----
Stealth        | 3 4 |  4.0
Dodging        | 2 |  2.9
Short Blades   | 1 |  1.6
Maces & Staves | 1 2 3 5 7 9 |  9.2
Fighting       | 1 2 3 4 |  4.8
Armour         | 1 2 4 5 |  5.2
Invocations    | 5 6 |  6.0
Shields        | 1 2 3 |  3.0
Whips & Flails | 3 4 |  4.5
Unarmed Combat | |  3.0
Evocations     | |  0.4

Action                   |  1- 3 |  4- 6 |  7- 9 | 10-12 || total
-------------------------+-------+-------+-------+-------++-------
Melee: Unarmed           |    62 |   130 |    81 |       ||   273
       Short sword       |    46 |       |       |       ||    46
       Club              |    69 |   152 |    74 |       ||   295
       Morningstar       |       |       |   157 |    14 ||   171
       Nunchaku          |       |       |    36 |    11 ||    47
Invok: Heroism           |     5 |     9 |    17 |     2 ||    33
Evoke: Wand              |       |       |     2 |     3 ||     5
  Use: Scroll            |       |       |     2 |       ||     2
       Potion            |       |       |     1 |     3 ||     4
 Stab: Sleeping          |     4 |       |       |       ||     4
  Eat: Chunk             |       |     4 |     7 |       ||    11
Armor: Robe              |    20 |       |       |       ||    20
       Plate armour      |    10 |   111 |    94 |    16 ||   231
       Chain mail        |     3 |       |       |       ||     3
Dodge: Dodged            |   126 |   136 |    75 |     9 ||   346
Block: Heater shield     |       |       |    30 |       ||    30
       Buckler           |       |       |     1 |       ||     1
       Nunchaku          |       |       |    20 |     7 ||    27
